[ PARTIDA AOE2 · #506275923 ]
UnrankedBengalíes vs Berbers
Equipo del jugador · VICT
Equipo rival · DERR
[ ANÁLISIS DE REPETICIÓN · EXTRAÍDO DE LA PARTIDA GRABADA ]
Feudal
11:26
Castillos
21:02
Imperial
—
| APM promedio | 78.4 |
| APM pico | 127 |
| eAPM promedio | 30.8 |
| Aldeanos / militares | 123 / 110 |
Foco
⚔️ 26.3% · 🌾 73.7%
Elephant Archer ×79 · Skirmisher ×7 · Monk ×6 · Armored Elephant ×6 · Scorpion ×4 · Scout Cavalry ×4
Feudal
9:15
Castillos
21:34
Imperial
—
| APM promedio | 46.2 |
| APM pico | 81 |
| eAPM promedio | 26.0 |
| Aldeanos / militares | 106 / 72 |
Foco
⚔️ 36.7% · 🌾 63.3%
Skirmisher ×37 · Genitour ×13 · Monk ×11 · Archer ×4 · Scout Cavalry ×3 · Spearman ×2
Mapa de la partida
Recursos iniciales + cada clic de construcción. Líneas = muros · curvas = relieve. ◆ oro · ⬟ piedra · ● bayas · ✦ reliquia · ◌ hueco del cierre
Tu base· Abierta — hueco de 6t
Base de Chimirindo· ✓ Cerrada en 21:34 · 34t muro · 1 puerta(s)
Terreno inicial suavizado · ◌ = hueco del cierre detectado · pasá el cursor para detalles
Inputs por minuto
— Gil-galad - - Chimirindo
Build order — Gil-galad
Primeras 150 de 373 acciones detectadas
| 0:00 | Crear | Villager (Male) |
| 0:00 | Crear | Villager (Male) |
| 0:02 | Construir | House |
| 0:02 | Construir | House |
| 0:08 | Crear | Villager (Male) |
| 0:08 | Crear | Villager (Male) |
| 1:24 | Crear | Villager (Male) |
| 1:55 | Construir | Lumber Camp |
| 1:59 | Crear | Villager (Male) |
| 2:14 | Crear | Villager (Male) |
| 2:46 | Crear | Villager (Male) |
| 3:08 | Crear | Villager (Male) |
| 3:38 | Crear | Villager (Male) |
| 3:49 | Construir | House |
| 3:57 | Crear | Villager (Male) |
| 4:24 | Construir | Barracks |
| 4:30 | Crear | Villager (Male) |
| 4:58 | Crear | Villager (Male) |
| 5:08 | Construir | House |
| 5:18 | Crear | Militia |
| 5:21 | Crear | Villager (Male) |
| 5:37 | Crear | Militia |
| 5:47 | Crear | Villager (Male) |
| 6:02 | Crear | Militia |
| 6:08 | Construir | Mill |
| 6:12 | Crear | Villager (Male) |
| 6:38 | Crear | Villager (Male) |
| 6:42 | Construir | House |
| 6:59 | Crear | Villager (Male) |
| 7:22 | Crear | Villager (Male) |
| 7:33 | Construir | Mill |
| 7:58 | Crear | Villager (Male) |
| 8:07 | Crear | Villager (Male) |
| 8:51 | Investigar | Loom |
| 8:52 | Investigar | Loom |
| 8:57 | Investigar | Feudal Age |
| 9:11 | Construir | Lumber Camp |
| 9:32 | Crear | Villager (Male) |
| 9:36 | Construir | House |
| 9:37 | Construir | Palisade Wall |
| 10:17 | Crear | Villager (Male) |
| 10:50 | Construir | House |
| 11:26 | Edad | Edad Feudal |
| 11:32 | Construir | Stable |
| 11:35 | Investigar | Double-Bit Axe |
| 11:36 | Investigar | Horse Collar |
| 11:37 | Crear | Villager (Male) |
| 11:39 | Construir | Farm |
| 11:41 | Construir | Farm |
| 11:50 | Construir | Palisade Wall |
| 11:55 | Construir | Palisade Wall |
| 12:01 | Crear | Villager (Male) |
| 12:08 | Construir | House |
| 12:18 | Crear | Scout Cavalry |
| 12:19 | Crear | Scout Cavalry |
| 12:22 | Crear | Villager (Male) |
| 12:25 | Construir | Farm |
| 12:28 | Construir | Farm |
| 12:35 | Construir | Palisade Wall |
| 12:44 | Crear | Villager (Male) |
| 12:50 | Construir | Archery Range |
| 12:55 | Crear | Scout Cavalry |
| 12:58 | Construir | Palisade Wall |
| 12:59 | Crear | Villager (Male) |
| 13:20 | Construir | Mining Camp |
| 13:21 | Crear | Villager (Male) |
| 13:23 | Crear | Scout Cavalry |
| 13:33 | Construir | Farm |
| 13:34 | Construir | Farm |
| 13:43 | Crear | Villager (Male) |
| 13:47 | Crear | Skirmisher |
| 13:47 | Crear | Skirmisher |
| 13:50 | Construir | Palisade Wall |
| 14:03 | Construir | Farm |
| 14:05 | Construir | Farm |
| 14:14 | Construir | Farm |
| 14:14 | Crear | Villager (Male) |
| 14:16 | Crear | Skirmisher |
| 14:39 | Construir | Palisade Wall |
| 14:41 | Crear | Villager (Male) |
| 14:43 | Crear | Skirmisher |
| 15:27 | Crear | Villager (Male) |
| 15:28 | Crear | Skirmisher |
| 15:36 | Construir | Farm |
| 15:37 | Construir | Farm |
| 15:40 | Construir | Farm |
| 15:42 | Construir | Farm |
| 15:45 | Construir | Farm |
| 15:47 | Construir | Farm |
| 15:47 | Crear | Villager (Male) |
| 15:52 | Crear | Skirmisher |
| 15:57 | Construir | House |
| 16:00 | Construir | House |
| 16:05 | Construir | Palisade Wall |
| 16:10 | Construir | Blacksmith |
| 16:34 | Construir | Farm |
| 16:34 | Crear | Villager (Male) |
| 16:38 | Construir | Palisade Wall |
| 16:41 | Construir | Palisade Wall |
| 16:44 | Crear | Villager (Male) |
| 16:49 | Construir | Farm |
| 16:53 | Construir | Mining Camp |
| 17:21 | Construir | Market |
| 17:22 | Crear | Villager (Male) |
| 17:50 | Crear | Villager (Male) |
| 18:22 | Investigar | Castle Age |
| 18:22 | Investigar | Castle Age |
| 18:26 | Construir | House |
| 18:27 | Construir | House |
| 18:53 | Construir | Archery Range |
| 18:54 | Construir | Archery Range |
| 19:09 | Construir | Farm |
| 19:11 | Investigar | Bloodlines |
| 19:19 | Investigar | Gold Mining |
| 19:26 | Construir | House |
| 19:26 | Construir | House |
| 20:20 | Crear | Villager (Male) |
| 20:22 | Construir | Archery Range |
| 20:41 | Investigar | Padded Archer Armor |
| 20:42 | Investigar | Fletching |
| 20:46 | Construir | House |
| 20:48 | Construir | House |
| 20:48 | Construir | House |
| 20:49 | Construir | House |
| 21:02 | Edad | Edad de los Castillos |
| 21:05 | Crear | Elephant Archer |
| 21:05 | Crear | Elephant Archer |
| 21:05 | Crear | Elephant Archer |
| 21:20 | Construir | Town Center |
| 21:24 | Investigar | Bow Saw |
| 21:30 | Crear | Elephant Archer |
| 21:30 | Crear | Elephant Archer |
| 21:37 | Crear | Villager (Male) |
| 21:37 | Crear | Villager (Male) |
| 21:41 | Crear | Elephant Archer |
| 21:41 | Crear | Elephant Archer |
| 21:51 | Crear | Elephant Archer |
| 21:52 | Crear | Elephant Archer |
| 21:53 | Crear | Villager (Male) |
| 22:01 | Crear | Villager (Male) |
| 22:04 | Construir | Farm |
| 22:06 | Construir | Farm |
| 22:16 | Crear | Elephant Archer |
| 22:20 | Crear | Skirmisher |
| 22:24 | Crear | Elephant Archer |
| 22:24 | Crear | Elephant Archer |
| 22:29 | Crear | Villager (Male) |
| 22:53 | Investigar | Bodkin Arrow |
| 22:54 | Crear | Villager (Male) |
| 23:00 | Crear | Villager (Male) |
Build order — Chimirindo
Primeras 150 de 306 acciones detectadas
| 0:00 | Crear | Villager (Male) |
| 0:00 | Crear | Villager (Male) |
| 0:01 | Crear | Villager (Male) |
| 0:02 | Construir | House |
| 0:03 | Construir | House |
| 0:16 | Crear | Villager (Male) |
| 1:27 | Crear | Villager (Male) |
| 2:05 | Crear | Villager (Male) |
| 2:27 | Crear | Villager (Male) |
| 2:36 | Construir | Mill |
| 2:53 | Crear | Villager (Male) |
| 2:54 | Crear | Villager (Male) |
| 3:04 | Crear | Villager (Male) |
| 3:20 | Crear | Villager (Male) |
| 3:45 | Crear | Villager (Male) |
| 4:25 | Construir | House |
| 4:28 | Investigar | Loom |
| 4:30 | Crear | Villager (Male) |
| 5:21 | Crear | Villager (Male) |
| 5:23 | Construir | Lumber Camp |
| 5:31 | Crear | Villager (Male) |
| 5:32 | Crear | Villager (Male) |
| 5:37 | Crear | Villager (Male) |
| 5:39 | Crear | Villager (Male) |
| 5:58 | Crear | Villager (Male) |
| 7:00 | Investigar | Feudal Age |
| 7:37 | Crear | Villager (Male) |
| 7:53 | Crear | Villager (Male) |
| 7:58 | Crear | Villager (Male) |
| 8:07 | Construir | Mining Camp |
| 8:27 | Construir | House |
| 8:32 | Construir | Palisade Wall |
| 8:33 | Construir | Palisade Wall |
| 8:35 | Construir | Palisade Wall |
| 9:15 | Edad | Edad Feudal |
| 9:34 | Construir | Palisade Wall |
| 9:35 | Construir | Palisade Wall |
| 9:40 | Investigar | Double-Bit Axe |
| 9:44 | Construir | Palisade Wall |
| 9:46 | Construir | Palisade Wall |
| 9:48 | Construir | Palisade Wall |
| 9:52 | Crear | Villager (Male) |
| 10:01 | Crear | Villager (Male) |
| 10:08 | Construir | Barracks |
| 10:11 | Crear | Villager (Male) |
| 10:18 | Construir | Palisade Wall |
| 10:18 | Crear | Villager (Male) |
| 10:31 | Construir | Mill |
| 11:10 | Construir | House |
| 11:12 | Construir | House |
| 11:45 | Construir | Archery Range |
| 11:50 | Construir | House |
| 11:55 | Investigar | Town Watch |
| 12:26 | Crear | Villager (Male) |
| 12:30 | Construir | Farm |
| 12:33 | Construir | Farm |
| 12:34 | Crear | Archer |
| 12:51 | Crear | Villager (Male) |
| 12:51 | Crear | Villager (Male) |
| 13:07 | Construir | Farm |
| 13:09 | Construir | Farm |
| 13:15 | Construir | House |
| 13:19 | Crear | Villager (Male) |
| 13:21 | Construir | House |
| 13:24 | Crear | Spearman |
| 13:32 | Construir | Farm |
| 13:38 | Crear | Archer |
| 13:42 | Crear | Villager (Male) |
| 13:58 | Construir | Farm |
| 13:59 | Crear | Villager (Male) |
| 14:02 | Construir | Farm |
| 14:02 | Crear | Archer |
| 14:06 | Crear | Spearman |
| 14:13 | Construir | House |
| 14:25 | Construir | Palisade Gate |
| 14:26 | Crear | Villager (Male) |
| 14:29 | Construir | Farm |
| 14:57 | Crear | Villager (Male) |
| 15:01 | Crear | Villager (Male) |
| 15:06 | Construir | House |
| 15:08 | Construir | Palisade Wall |
| 15:09 | Construir | Palisade Wall |
| 15:16 | Crear | Villager (Male) |
| 15:28 | Crear | Villager (Male) |
| 15:29 | Construir | Farm |
| 15:38 | Construir | Farm |
| 15:39 | Construir | Farm |
| 15:43 | Construir | Farm |
| 16:05 | Construir | House |
| 16:06 | Crear | Villager (Male) |
| 16:14 | Construir | Lumber Camp |
| 16:21 | Crear | Archer |
| 16:49 | Construir | Farm |
| 16:56 | Crear | Villager (Male) |
| 17:22 | Crear | Villager (Male) |
| 17:25 | Construir | Blacksmith |
| 17:27 | Construir | Palisade Wall |
| 17:48 | Crear | Villager (Male) |
| 17:51 | Crear | Villager (Male) |
| 18:07 | Construir | Stable |
| 18:41 | Crear | Villager (Male) |
| 18:45 | Construir | Farm |
| 18:51 | Investigar | Castle Age |
| 18:55 | Crear | Scout Cavalry |
| 19:10 | Construir | Farm |
| 19:12 | Construir | Farm |
| 19:19 | Crear | Scout Cavalry |
| 19:33 | Crear | Scout Cavalry |
| 19:39 | Construir | House |
| 19:55 | Investigar | Scale Barding Armor |
| 19:57 | Investigar | Horse Collar |
| 20:00 | Construir | House |
| 20:31 | Investigar | Gold Mining |
| 20:36 | Construir | House |
| 20:38 | Construir | Palisade Wall |
| 20:41 | Crear | Villager (Male) |
| 20:47 | Construir | Palisade Wall |
| 20:48 | Construir | Palisade Wall |
| 21:16 | Construir | House |
| 21:34 | Edad | Edad de los Castillos |
| 21:46 | Crear | Villager (Male) |
| 21:52 | Construir | Town Center |
| 21:54 | Investigar | Bow Saw |
| 21:56 | Investigar | Heavy Plow |
| 22:01 | Construir | Town Center |
| 22:10 | Crear | Skirmisher |
| 22:13 | Investigar | Fletching |
| 22:23 | Crear | Villager (Male) |
| 22:46 | Crear | Villager (Male) |
| 22:50 | Construir | Monastery |
| 22:52 | Crear | Villager (Male) |
| 22:52 | Crear | Villager (Male) |
| 23:07 | Crear | Villager (Male) |
| 23:07 | Crear | Villager (Male) |
| 23:16 | Crear | Monk |
| 23:16 | Crear | Monk |
| 23:16 | Crear | Monk |
| 23:28 | Construir | Monastery |
| 23:33 | Crear | Skirmisher |
| 23:35 | Crear | Genitour |
| 23:36 | Crear | Genitour |
| 23:38 | Crear | Villager (Male) |
| 23:59 | Construir | Market |
| 24:02 | Crear | Villager (Male) |
| 24:04 | Crear | Monk |
| 24:04 | Crear | Monk |
| 24:23 | Crear | Monk |
| 24:46 | Crear | Genitour |
| 24:46 | Crear | Genitour |
| 24:47 | Crear | Villager (Male) |
Cronología de la partida
| 4:24 | Gil-galad · first_building Barracks |
| 8:32 | Chimirindo · wall_segment Palisade Wall x1 |
| 8:33 | Chimirindo · wall_segment Palisade Wall x1 |
| 8:35 | Chimirindo · wall_segment Palisade Wall x1 |
| 9:15 | Chimirindo · age_up feudal |
| 9:34 | Chimirindo · wall_segment Palisade Wall x1 |
| 9:35 | Chimirindo · wall_segment Palisade Wall x1 |
| 9:37 | Gil-galad · wall_segment Palisade Wall x3 |
| 9:44 | Chimirindo · wall_segment Palisade Wall x1 |
| 9:46 | Chimirindo · wall_segment Palisade Wall x1 |
| 9:48 | Chimirindo · wall_segment Palisade Wall x1 |
| 10:08 | Chimirindo · first_building Barracks |
| 10:18 | Chimirindo · wall_segment Palisade Wall x1 |
| 11:26 | Gil-galad · age_up feudal |
| 11:32 | Gil-galad · first_building Stable |
| 11:45 | Chimirindo · first_building Archery Range |
| 11:50 | Gil-galad · wall_segment Palisade Wall x4 |
| 11:55 | Gil-galad · wall_segment Palisade Wall x7 |
| 12:35 | Gil-galad · wall_segment Palisade Wall x1 |
| 12:50 | Gil-galad · first_building Archery Range |
| 12:58 | Gil-galad · wall_segment Palisade Wall x8 |
| 13:50 | Gil-galad · wall_segment Palisade Wall x7 |
| 14:39 | Gil-galad · wall_segment Palisade Wall x12 |
| 15:08 | Chimirindo · wall_segment Palisade Wall x1 |
| 15:09 | Chimirindo · wall_segment Palisade Wall x1 |
| 16:05 | Gil-galad · wall_segment Palisade Wall x1 |
| 16:38 | Gil-galad · wall_segment Palisade Wall x1 |
| 16:41 | Gil-galad · wall_segment Palisade Wall x1 |
| 17:27 | Chimirindo · wall_segment Palisade Wall x7 |
| 18:07 | Chimirindo · first_building Stable |
| 20:38 | Chimirindo · wall_segment Palisade Wall x5 |
| 20:47 | Chimirindo · wall_segment Palisade Wall x1 |
| 20:48 | Chimirindo · wall_segment Palisade Wall x11 |
| 21:02 | Gil-galad · age_up castle |
| 21:34 | Chimirindo · age_up castle |
| 21:40 | Gil-galad · first_market_buy 100 food |
| 22:50 | Chimirindo · first_building Monastery |
| 23:02 | Gil-galad · first_building Monastery |
| 26:55 | Chimirindo · first_market_sell 100 wood |
| 26:56 | Chimirindo · first_market_buy 100 stone |
| 30:37 | Gil-galad · first_building Siege Workshop |
| 35:07 | Gil-galad · first_market_sell 100 food |
| 35:10 | Chimirindo · first_building Castle |
| 36:47 | Chimirindo · resign |
[ ANÁLISIS IA · 1 CRÉDITO ]
¿Qué pasó realmente en esta partida?
Wolo.gg analiza cada decisión: build order, eco, micro, errores típicos por bracket. Análisis personalizado por WhatsApp o Discord en 30 segundos.
Guía civ
Bengalíes
Perfil
Gil-galad